cohdb
Replays
Latest Replays
All Replays
Popular Replays
Top Player Replays
Match Explorer
How It Works
Community
CoH3 Stats
Reddit
Sign in to upload your games and track your stats! →
Sign in with Steam
Match 41615452
Unlisted
Match 41615452
Overview
Messages
Build Orders
End
Selects Armored Battlegroup
Construct Barracks
Riflemen Squad
Riflemen Squad
Construct Weapon Support Center
M1919 Machine Gun Team
Grenade Package
Riflemen Squad
Selects Veteran Crews
Selects Fast Deploy
Selects Fast Deploy
Mechanized Support Center
Construct Medical Station
Designate Forward Repair Station
Construct Motor Pool
Riflemen Squad
Selects Seek and Destroy
M8 Greyhound Armored Car
M1918 Browning Automatic Rifles
Riflemen Squad
Riflemen Squad
Selects UNKNOWN (2160077)
Construct Tank Depot
Riflemen Squad
Selects Field Repairs
Selects War Machine
M4A3E8 Sherman Easy Eight
M1 Anti-tank Gun Team
M4A3E8 Sherman Easy Eight
Seek and Destroy
mp5
Dawes
ambiorix
Toejamkid
Frosty
AWU Psycho
SpamR33k
Гуляй-город
0
0
Comments
sign in to comment!
No comments posted yet!